 Dungeon Crawl Stone Soup version 0.28-a0-410-gbef64dd269 (webtiles) character file.

Game seed: 14137447859889664804

338 Gwenloh the Slasher (level 6, 0/47 HPs)
             Began as a Djinni Cinder Acolyte on Sept 6, 2021.
             Was a High Priest of Ignis.
             Slain by a scorpion (6 damage)
             ... on level 4 of the Dungeon.
             The game lasted 00:14:42 (4931 turns).

Gwenloh the Slasher (Djinni Cinder Acolyte)         Turns: 4931, Time: 00:14:44

Health: 0/47       AC:  3    Str: 13    XL:     6   Next: 85%
Gold:   175        EV: 11    Int: 16    God:    Ignis [*****.] SH:  0 Dex: 10

rFire   + + +      SeeInvis .   a - -1 falchion (flame)
rCold   x . .      Faith    .   (no shield)
rNeg    + . .      Spirit   .   b - +0 robe
rPois   ∞          Reflect  .   w - +0 helmet
rElec   .          Harm     .   (no cloak)
rCorr   .          Rampage  .   (no gloves)
Will    .....                   (boots unavailable)
Stlth   +.........              (no amulet)
HPRegen 0.15/turn               n - ring of positive energy
MPRegen 0.00/turn               (no ring)

@: flying
A: sickness immunity, fire resistance 2, cold vulnerability 1, float, innate
caster, hp casting, extra vitality 1
a: Renounce Religion, Sea of Fire, Foxfire Swarm, Rising Flame


You were on level 4 of the Dungeon.
You worshipped Ignis.
Ignis was extremely pleased with you.
You visited 1 branch of the dungeon, and saw 4 of its levels.
You also visited: Ossuary.

You collected 175 gold pieces.

Inventory:

Hand Weapons
 a - a -1 falchion of flaming (weapon)
 t - a +0 long sword
Armour
 b - a +0 robe (worn)
 w - a +0 helmet (worn)
Magical Staves
 q - a staff of earth
Jewellery
 n - a ring of positive energy (left hand)
Scrolls
 c - a scroll of brand weapon
 e - 4 scrolls of immolation
 f - 2 scrolls of blinking
 h - a scroll of enchant weapon {unknown}
 j - 2 scrolls of teleportation {unknown}
 m - a scroll of torment
 o - a scroll of acquirement {unknown}
 u - a scroll of identify
Potions
 d - a potion of haste {unknown}
 g - 3 potions of mutation
 i - a potion of invisibility {unknown}
 k - 2 potions of lignification {unknown}
 l - a potion of flight {unknown}
 p - 2 potions of ambrosia {unknown}
 r - a potion of heal wounds {unknown}
 s - a potion of curing {unknown}
 v - a potion of attraction {unknown}


   Skills:
 + Level 4.1 Fighting
 * Level 4.5 Long Blades
 * Level 3.9 Spellcasting


You had 7 spell levels left.
You knew the following spells:

 Your Spells              Type           Power      Damage    Failure   Level
a - Foxfire               Conj/Fire      60%        2x1d7     3%          1
b - Scorch                Fire           30%        2d6       4%          2
c - Call Imp              Summ           15%        N/A       4%          2
Your spell library was empty.

Dungeon Overview and Level Annotations

Branches:
Dungeon (4/15)             Temple (0/1) D:4         Ossuary (visited)

Altars:
Gozag
Makhleb
Qazlal

Shops:
D:4 [


Innate Abilities, Weirdness & Mutations

You are immune to sickness and miasma.
You are immune to poison.
Your flesh is very heat resistant. (rF++)
You are vulnerable to cold. (rC-)
You float through the air rather than walking.
You learn spells naturally, not from books.
Your magical power is your life essence.
You have superior vitality. (+4 HP)


Message History

The scorpion stings you but does no damage.
You closely miss the scorpion.
The scorpion is moderately wounded.
The scorpion stings you.
You hit the scorpion. You burn the scorpion.
The scorpion is severely wounded.
The scorpion misses you.
You hit the scorpion but do no damage.
The scorpion is severely wounded.
The scorpion is no longer more vulnerable to fire.
The scorpion stings you.
You hit the scorpion. You burn the scorpion.
The scorpion is severely wounded.
The scorpion misses you. The scorpion stings you!
Casting: Scorch (safe; 4% risk of failure)
Confirm with . or Enter, or press ? or * to list all spells.
Flames lash the scorpion but do no damage.
The scorpion stings you!
* * * LOW HITPOINT WARNING * * *
Casting: Scorch (safe; 4% risk of failure)
Confirm with . or Enter, or press ? or * to list all spells.
Flames lash the scorpion.
The scorpion is severely wounded.
The scorpion's fire resistance burns away.
* * * LOW HITPOINT WARNING * * *
The scorpion stings you.
* * * LOW HITPOINT WARNING * * *
Casting: Scorch (safe; 4% risk of failure)
Confirm with . or Enter, or press ? or * to list all spells.
Flames lash the scorpion.
The scorpion is burned terribly!
The scorpion is almost dead.
* * * LOW HITPOINT WARNING * * *
The scorpion barely misses you.
Casting: Scorch (safe; 4% risk of failure)
Confirm with . or Enter, or press ? or * to list all spells.
You conjure some foxfire!
* * * LOW HITPOINT WARNING * * *
The scorpion is no longer more vulnerable to fire.
The scorpion stings you.
You die...

****##########
#,,,.........#
#[***######'#####
##.######.†......#
###.#...#.#........#
***..........†.......#
**,,*#..#.............#####
*,***,#.†#.v.#>.......'....
****,*.#.s@v.#.....(..#####
**#...?.#..#........#####
**,###......#.##+###......
*,*,...#....#.#*,* #......
***##.#...#....,,**#......
**#.#,.#.....,,,,,+......
*!.#,...$,....,,**#......
*##,,.),,,.....####......
*****,*,.........######


You could see a scorpion (ally target).

Vanquished Creatures
  2 human zombies (Ossuary)
  An iguana (D:4)
  Jessica (D:3)
  4 mummies (Ossuary)
  7 adders
  An ufetubus (D:3)
  4 dart slugs
  7 ball pythons
  7 endoplasms
  8 giant cockroaches
  13 goblins
  5 hobgoblins
  2 jackals (D:2)
  A kobold (D:1)
  2 quokkas
  6 bats
  3 frilled lizards
  2 goblin zombies (Ossuary)
  A kobold zombie (Ossuary)
  3 orc zombies (Ossuary)
  8 rats
  2 rat zombies (D:4)
90 creatures vanquished.

Vanquished Creatures (collateral kills)
  An adder (D:3)
1 creature vanquished.

Vanquished Creatures (others)
  127 foxfires
127 creatures vanquished.

Grand Total: 218 creatures vanquished

Notes
Turn   | Place    | Note
-------+----------+-------------------------------------------
     0 | D:1      | Gwenloh the Djinni Cinder Acolyte began the quest for the
                  | Orb.
     0 | D:1      | Reached XP level 1. HP: 20/20 MP: 0/0
   173 | D:1      | Reached XP level 2. HP: 14/25 MP: 0/0
   755 | D:1      | Reached XP level 3. HP: 28/30 MP: 0/0
   755 | D:1      | Learned a level 1 spell: Foxfire
  1466 | D:2      | Reached XP level 4. HP: 29/35 MP: 0/0
  2359 | D:3      | Found a burning altar of Makhleb.
  2359 | D:3      | Noticed a cacodemon
  2424 | D:3      | Found a faded altar of an unknown god.
  2438 | D:3      | Reached XP level 5. HP: 38/40 MP: 0/0
  2438 | D:3      | Learned a level 2 spell: Call Imp
  2781 | D:3      | Found an opulent altar of Gozag.
  2999 | D:3      | Noticed Jessica
  3007 | D:3      | Killed Jessica
  3089 | D:3      | Found a stormy altar of Qazlal.
  3386 | D:4      | Found Nushreti's Antique Armour Emporium.
  3541 | D:4      | Found a sand-covered staircase.
  3589 | Ossuary  | Entered an ossuary
  3801 | Ossuary  | Reached XP level 6. HP: 5/47 MP: 0/0
  4615 | D:4      | Found a staircase to the Ecumenical Temple.
  4931 | D:4      | Slain by a scorpion

Illustrated notes

Levels and vault maps discovered:
D:1:      lemuel_arrival_funnel, layout_rooms, kennysheep_small_spiral
D:2:      layout_loops_ring
D:3:      layout_loops_corners, makhleb_altar_promises_db,
          general_overflow_altar, nicolae_overflow_crystal_walls,
          hellmonk_ecumenical_altar_crossroads, wad_floor_pattern_1,
          uniq_jessica
D:4:      layout_basic, minmay_temple_entry_statues_pillars, serial_shops,
          nicolae_shop_waterfront, enter_ossuary_4, minmay_increasing_density

Skill      XL: |  1  2  3  4  5  6 |
---------------+-------------------+-----
Long Blades    | 3 4 |  4.5
Spellcasting   | 3 |  3.9
Fighting       | 4 |  4.1

Action                   |  1- 3 |  4- 6 || total
-------------------------+-------+-------++-------
Melee: Falchion          |    30 |   100 ||   130
 Cast: Scorch            |    19 |    23 ||    42
       Foxfire           |    14 |    56 ||    70
       Call Imp          |       |     6 ||     6
Invok: Foxfire Swarm     |       |     1 ||     1
  Use: Scroll            |       |     6 ||     6
Armor: Robe              |     2 |    22 ||    24
Dodge: Dodged            |    16 |    40 ||    56

Table legend: (Time is in decaauts)
 A = Elapsed time spent in this place.
 B = Non-inter-level travel time spent in this place.
 C = Inter-level travel time spent in this place.
 D = Time resting spent in this place.
 E = Time spent auto-exploring this place.
 F = Levels seen in this place.
 G = Mean time per level.
                   A        B        C        D        E       F      G
               +--------+--------+--------+--------+--------+-----+--------+
         Total |   4944 |   4870 |     74 |    813 |   3074 |   5 |  988.8 |
       Dungeon |   3960 |   3886 |     74 |    166 |   3062 |   4 |  990.0 |
       Ossuary |    983 |    983 |      0 |    647 |     12 |   1 |  983.0 |
               +--------+--------+--------+--------+--------+-----+--------+

Top non-repeatable levels by time:
     D:1: 1127 daAuts
     D:3: 1114 daAuts
     D:2: 1054 daAuts
 Ossuary: 983 daAuts
     D:4: 664 daAuts
